Cogmind - Beta 16.1 @@@ ROGUE MODE // 2026.02.12 @ 21:03:02 Player: Dsarvess Result: Destroyed by G-47 Trooper with Particle Gun Performance ------------- Evolutions (2) 1000 Regions Visited (4) 800 Robots Destroyed (46) 230 Value Destroyed (1211) 1211 Prototype IDs (7) 140 Alien Tech Used (0) 0 Bonus (0) 0 TOTAL SCORE: 3381 Bonus ------- None Cogmind --------- Core Integrity 0/550 Matter 158/300 Energy 20/100 System Corruption 0% Temperature Cool (26) Movement Walking (120) Location -8/Materials Parts ------- > --- POWER (1) -------- (None) > --- PROPULSION (3) --- Aluminum Leg Improved Aluminum Leg > --- UTILITY (4) ------ Heavy Armor Plating > --- WEAPON (3) ------- Improved EM Shotgun Improved Medium Laser > --- INVENTORY (5) ---- Mini Grenade Launcher Peak State ------------ > --- POWER ------------ Light Nuclear Core > --- PROPULSION ------- Carbon-fiber Leg Carbon-fiber Leg Carbon-fiber Leg > --- UTILITY ---------- Heat Sink Large Storage Unit Targeting Computer Light Armor Plating > --- WEAPON ----------- Heavy Assault Rifle Autogun Mini Grenade Launcher > --- INVENTORY -------- Light Nuclear Core Aluminum Leg Improved Aluminum Leg Carbon-fiber Leg Large Storage Unit Heavy EM Pulse Gun Improved EM Shotgun Improved EM Shotgun Medium Laser Small Laser Improved Medium Laser Improved Medium Laser [Rating: 24] Favorites ----------- Power Light Nuclear Core Engine Light Ion Engine Power Core Light Nuclear Core Propulsion Carbon-fiber Leg Leg Carbon-fiber Leg Wheel Wheel Utility Large Storage Unit Device Heat Sink Storage Large Storage Unit Processor Targeting Computer Protection Light Armor Plating Weapon Medium Laser Energy Gun Medium Laser Ballistic Gun Light Assault Rifle Launcher Mini Grenade Launcher Build | -11 -10 -9 -9 -8 ------- Run | Yrd Mat Mat Min Mat Slots Evolved 4 | . . 2 . 2 Power . | . . . . . Propulsion 1 | . . 1 . . Utility 2 | . . . . 2 Weapon 1 | . . 1 . . Parts Attached 40 | 5 13 9 1 12 Power 7 | 1 2 2 . 2 Engine 3 | 1 2 . . . Core 4 | . . 2 . 2 Reactor . | . . . . . Propulsion 13 | 2 6 3 . 2 Treads . | . . . . . Leg 9 | 2 2 3 . 2 Wheel 4 | . 4 . . . Hover . | . . . . . Flight . | . . . . . Utility 7 | . 2 . 1 4 Device 1 | . . . . 1 Storage 2 | . 1 . . 1 Processor 1 | . . . . 1 Hackware . | . . . . . Protection 3 | . 1 . 1 1 Artifact . | . . . . . Weapon 13 | 2 3 4 . 4 Energy Gun 8 | 1 2 1 . 4 Energy Cannon . | . . . . . Ballistic Gun 4 | 1 1 2 . . Ballistic Cannon . | . . . . . Launcher 1 | . . 1 . . Special Weapon . | . . . . . Impact Weapon . | . . . . . Slashing Weapon . | . . . . . Piercing Weapon . | . . . . . Special Melee Weapon . | . . . . . Unidentified Prototypes . | . . . . . Parts Lost 18 | . 6 . . 12 Power 2 | . 1 . . 1 Propulsion 5 | . 2 . . 3 Utility 2 | . . . . 2 Weapon 9 | . 3 . . 6 Highest Loss Streak 12 | . 3 . . 12 To Critical Strikes . | . . . . . Average Backups 9 | 2 7 13 14 9 Power . | . . 1 1 . Propulsion 3 | 1 4 3 3 2 Utility 1 | . . 3 3 . Weapon 3 | . 2 5 7 5 Tool/Special . | . . . . . Unused Backups 9 | . . 9 . . Power 1 | . . 1 . . Propulsion 3 | . . 3 . . Utility . | . . . . . Weapon 5 | . . 5 . . Tool/Special . | . . . . . Average Slot Usage (%) 89 | . 84 96 100 77 Engine 7 | . 13 2 . . Core 4 | . . 8 11 7 Leg 17 | . 10 24 33 22 Wheel 10 | . 17 5 . . Storage 11 | . 13 11 11 8 Protection 6 | . 1 11 11 6 Energy Gun 20 | . 15 30 11 8 Ballistic Gun 8 | . 12 1 22 12 Peak Build Rating 24 | 5 8 22 22 24 Average Rating 12 | 4 6 17 21 18 On Entrance 11 | . 5 8 22 21 Avg Prop Armor Cover (%) . | . . . . . Naked Turns 15 | . . . . 15 Heaviest Build 37 | 7 29 36 36 37 Greatest Support 45 | 20 20 45 45 45 Greatest Overweight (x) 2 | . 2 2 . . Average Overweight (x) . | . . . . . Largest Inventory Capacity 15 | 5 15 15 15 15 Average Capacity 13 | 5 14 15 15 13 Most Carried 15 | 3 11 15 15 15 Average Carried 10 | 2 7 13 14 9 Final Capacity 15 | 5 15 15 15 5 Final Carried 15 | 3 11 15 14 1 Class Distribution -------------------- 51% | Mutant 41% | Tank 7% | Gunner Dominant Class ---------------- Mutant | -10/Materials Tank | -9/Materials Tank | -9/Mines Gunner | -8/Materials Resources | -11 -10 -9 -9 -8 ----------- Run | Yrd Mat Mat Min Mat Matter Collected 775 | 259 189 200 10 117 Remotely . | . . . . . Salvage Created 1451 | 37 545 480 . 389 Parts 85 | . 31 33 . 21 Haulers Intercepted 2 | . . 2 . . Recyclers Shooed 1 | . 1 . . . Parts Field Recycled . | . . . . . Retrieved Matter . | . . . . . Parts Self-Destructed . | . . . . . Prevented . | . . . . . Parts Restored . | . . . . . Kills | -11 -10 -9 -9 -8 ------- Run | Yrd Mat Mat Min Mat Combat Hostiles Destroyed 39 | 1 16 10 . 12 Guns 29 | 1 16 7 . 5 AOE 10 | . . 3 . 7 Classes Destroyed 7 | 1 2 4 . . Worker 1 | . . 1 . . Hauler 2 | . . 2 . . Recycler 1 | . 1 . . . Watcher 3 | . . 3 . . Swarmer 14 | . 6 4 . 4 Grunt 23 | 1 10 5 . 7 Sentry 2 | . . 1 . 1 Best Kill Streak 6 | 1 4 6 . 4 Combat Bots Only 4 | 1 4 4 . 4 Max Kills in Single Turn 4 | 1 2 4 . 2 Gunslinging 1 | . 1 . . . Exploded 3 | . . 3 . 2 Melee . | . . . . . Uniques/NPCs Destroyed . | . . . . . Combat | -11 -10 -9 -9 -8 -------- Run | Yrd Mat Mat Min Mat Hostile Shots Fired 277 | 4 92 28 . 153 Missed 64 | . 17 7 . 40 Hits 213 | 4 75 21 . 113 Projectile 213 | 4 75 21 . 113 Critical Strikes 8 | . . . . 8 Damage Taken 3018 | 42 812 324 . 1840 Core 819 | . 226 33 . 560 Absorbed by Shields . | . . . . . Core Remaining (%) 66 | 100 9 . 91 . Volleys Fired 112 | 3 66 21 . 22 Largest 3 | 2 2 3 . 3 Hottest 135 | 70 70 135 . 101 Shots Fired 240 | 6 131 61 . 42 Gun 231 | 6 131 60 . 34 Cannon . | . . . . . Launcher 9 | . . 1 . 8 Special . | . . . . . Kinetic 93 | 3 65 11 . 14 Thermal 122 | 3 66 36 . 17 Explosive 9 | . . 1 . 8 Electromagnetic 16 | . . 13 . 3 Robot Hit Streak 11 | 4 11 7 . 9 Robot Miss Streak 4 | 1 4 3 . 2 Penetration Max . | . . . . . Secondary Targets 4 | . 3 . . 1 Max Gunslinging Chain 1 | . 1 . . 1 Shots Hit Robots 150 | 4 89 27 . 30 Core Hits 79 | 2 35 18 . 24 Critical Kills . | . . . . . Critical Parts Destroyed . | . . . . . Critical Strikes 5 | . 5 . . . Burn 5 | . 5 . . . Melee Attacks . | . . . . . Impact . | . . . . . Slashing . | . . . . . Piercing . | . . . . . Sneak Attacks . | . . . . . Combat Hostiles . | . . . . . Follow-up Attacks . | . . . . . Damage Inflicted 2517 | 53 999 575 . 890 Guns 1846 | 53 999 371 . 423 Cannons . | . . . . . Explosions 671 | . . 204 . 467 Melee . | . . . . . Ramming . | . . . . . Kinetic 736 | 29 436 80 . 191 Thermal 929 | 24 563 165 . 177 Explosive 671 | . . 204 . 467 Electromagnetic 181 | . . 126 . 55 Impact . | . . . . . Slashing . | . . . . . Piercing . | . . . . . Highest Corruption . | . . . . . Average Corruption . | . . . . . Corruption Purged . | . . . . . Corruption Blocked . | . . . . . Overload Shots . | . . . . . Overflow Damage 17 | . . . . 17 Projectiles . | . . . . . Explosions 17 | . . . . 17 Melee . | . . . . . Knockbacks . | . . . . . Impact . | . . . . . Kinetic . | . . . . . Secondary . | . . . . . Self-Inflicted Damage 84 | . . . . 84 Shots 2 | . . . . 2 Rammed . | . . . . . Targets Rammed . | . . . . . Kicked . | . . . . . Crushed . | . . . . . Highest Temperature 386 | 45 214 244 . 386 Average Temperature 86 | 26 67 99 . 135 Received Heat Transfer 1389 | 24 336 102 . 927 Effects 1 | . . . . 1 Energy Bleed 1 | . . . . 1 Siege Activations . | . . . . . Martial Activations . | . . . . . Shielding Activations . | . . . . . Robots Disrupted . | . . . . . Combat Hostiles . | . . . . . Robots Corrupted . | . . . . . Combat Hostiles . | . . . . . Parts Fried . | . . . . . Impact Corruptions . | . . . . . Robots Melted . | . . . . . Combat Hostiles . | . . . . . Parts Melted 4 | 1 2 . . 1 Heat Transferred 3000 | 74 2035 434 . 457 Parts Sabotaged . | . . . . . Parts Stolen . | . . . . . Parts Stripped . | . . . . . Power Chain Reactions . | . . . . . Alert | -11 -10 -9 -9 -8 ------- Run | Yrd Mat Mat Min Mat Maximum Alert Level 1 | . . . . 1 Low Security (%) 96 | 100 100 100 100 63 Level 1 3 | . . . . 36 Level 2 . | . . . . . Level 3 . | . . . . . Level 4 . | . . . . . Level 5 . | . . . . . High Security . | . . . . . Max Security . | . . . . . Peak Influence 251 | 20 109 127 36 251 Initial 36 | . 6 22 36 9 Average 63 | 2 57 56 31 154 Influence Increases 1205 | 20 425 308 . 452 Destroy 0b10 Robot/C 780 | 20 320 200 . 240 Destroy 0b10 Robot/NC 35 | . 5 30 . . Destroy Leader 140 | . 70 40 . 30 Successful Hack 47 | . 29 13 . 5 Disable Machine 30 | . . . . 30 Destroy Structure 68 | . 1 10 . 57 Lose Combat Pursuer 105 | . . 15 . 90 Influence Decreases 954 | 10 382 267 68 227 Entered New Map 110 | . 4 31 58 17 Time Decay 664 | 10 318 236 10 90 Lost Part 180 | . 60 . . 120 Squads Dispatched 6 | . 3 1 . 2 Investigation 1 | . . . . 1 Extermination . | . . . . . Reinforcement 5 | . 3 1 . 1 Assault . | . . . . . Garrison . | . . . . . Intercept . | . . . . . Searches Triggered . | . . . . . Construction Impeded . | . . . . . Haulers Reinforced . | . . . . . Active Scanning Responses . | . . . . . Cargo Convoy Interrupts . | . . . . . Stealth | -11 -10 -9 -9 -8 --------- Run | Yrd Mat Mat Min Mat Distress Signals 5 | . 3 1 . 1 Communications Jammed . | . . . . . Distress Signals . | . . . . . Times Spotted 69 | 1 26 18 . 24 Peak Tracking Total 12 | 1 5 5 . 12 Tactical Retreats 2 | . . 1 . 1 Traps | -11 -10 -9 -9 -8 ------- Run | Yrd Mat Mat Min Mat Traps Triggered 5 | . . 4 . 1 Indirectly . | . . . . . Trap Hack Attempts . | . . . . . Triggered . | . . . . . Disarmed 6 | . 6 . . . Reprogrammed . | . . . . . Reused . | . . . . . Traps Extracted . | . . . . . Installed . | . . . . . Triggered . | . . . . . Machines | -11 -10 -9 -9 -8 ---------- Run | Yrd Mat Mat Min Mat Machines Disabled 2 | . . . . 2 Max in Single Turn 1 | . . . . 1 Machines Repaired . | . . . . . Machines Dismantled . | . . . . . Machines Sabotaged . | . . . . . Overloaded Fab Kills . | . . . . . Hacking | -11 -10 -9 -9 -8 --------- Run | Yrd Mat Mat Min Mat Machines Accessed 14 | . 6 7 . 1 Terminals 13 | . 6 6 . 1 Fabricators . | . . . . . Repair Stations . | . . . . . Recycling Units . | . . . . . Scanalyzers 1 | . . 1 . . Garrison Access . | . . . . . Total Hacks 39 | . 19 18 . 2 Successful 22 | . 12 8 . 2 Failed 16 | . 6 10 . . Catastrophic 1 | . . 1 . . Database Lockouts 1 | . 1 . . . Manual 32 | . 17 13 . 2 Terminals 38 | . 19 17 . 2 Fabricators . | . . . . . Repair Stations . | . . . . . Recycling Units . | . . . . . Scanalyzers 1 | . . 1 . . Garrison Access . | . . . . . Terminal Hacks 6 | . 4 2 . . Part Schematic 1 | . 1 . . . Prototype ID Bank 4 | . 2 2 . . Disarm Traps 1 | . 1 . . . Fabricator Hacks . | . . . . . Repair Station Hacks . | . . . . . Recycling Unit Hacks . | . . . . . Scanalyzer . | . . . . . Garrison Access Hacks . | . . . . . Unauthorized Hacks 16 | . 8 6 . 2 Terminals 16 | . 8 6 . 2 Botnet 4 | . 2 1 . 1 Skim 12 | . 6 5 . 1 Fabricators . | . . . . . Repair Stations . | . . . . . Recycling Units . | . . . . . Scanalyzers . | . . . . . Garrison Access . | . . . . . Data Cores Recovered . | . . . . . Used . | . . . . . Hacking Detections 14 | . 6 7 . 1 Full Trace Events . | . . . . . Feedback Events . | . . . . . Feedback Blocked . | . . . . . Robot Schematics Acquired . | . . . . . Robots Built . | . . . . . Authchips . | . . . . . Time . | . . . . . Total Robot Build Rating . | . . . . . Part Schematics Acquired 1 | . 1 . . . Parts Built . | . . . . . Authchips . | . . . . . Time . | . . . . . Total Part Build Rating . | . . . . . Part Studies Acquired . | . . . . . Parts Repaired . | . . . . . Time . | . . . . . Parts Recycled . | . . . . . Recycled Matter . | . . . . . Retrieved Matter . | . . . . . Retrieved Components . | . . . . . Parts Scanalyzed . | . . . . . Part Schematics Acquired . | . . . . . Parts Damaged . | . . . . . Bothacking | -11 -10 -9 -9 -8 ------------ Run | Yrd Mat Mat Min Mat Used RIF Installer . | . . . . . Robots Hacked . | . . . . . Non-combat . | . . . . . Combat . | . . . . . Robot Hacks Applied . | . . . . . Relay Couplers Released . | . . . . . Fabnet Peak Effective % . | . . . . . Robots Rewired . | . . . . . Allies Hacked . | . . . . . Hacks Repelled . | . . . . . Allies | -11 -10 -9 -9 -8 -------- Run | Yrd Mat Mat Min Mat Total Allies . | . . . . . Largest Group . | . . . . . Highest-Rated Group . | . . . . . Highest-Rated Ally . | . . . . . Total Orders . | . . . . . Ally Attacks . | . . . . . Total Damage . | . . . . . Kills . | . . . . . Allies Corrupted . | . . . . . Allies Melted . | . . . . . Intel | -11 -10 -9 -9 -8 ------- Run | Yrd Mat Mat Min Mat Active Infowar (turns) . | . . . . . Robot Analysis Total . | . . . . . Derelict Logs Recovered . | . . . . . Drone Launches . | . . . . . Drone Recoveries . | . . . . . Exploration | -11 -10 -9 -9 -8 ------------- Run | Yrd Mat Mat Min Mat Turns Passed 1776 | 103 760 692 38 183 Spaces Moved 1100 | 73 436 468 31 92 Core 44 | 14 . . . 30 Treads . | . . . . . Legs 577 | 59 101 324 31 62 Wheels 479 | . 335 144 . . Hover . | . . . . . Flight . | . . . . . Fastest Speed 50 | 50 95 95 120 50 Average Speed 110 | 106 112 112 120 97 Slowest Speed 260 | 120 190 260 120 120 Overloaded Moves . | . . . . . Propulsion Burnouts . | . . . . . Robots Hopped . | . . . . . Potential Cave-ins . | . . . . . Cave-ins Triggered . | . . . . . Exploration Rate (%) 34 | 5 86 48 16 16 Regions Visited 4 Branch Regions 1 Pre-discovered Areas . | . . . . . Known Exits Taken 1 | . . 1 . . Unknown Exits Taken 3 | 1 1 . 1 . Scrap Searched 1 | . . . 1 . Spaces Dug . | . . . . . Terrain Destroyed 82 | . . 9 . 73 Melee . | . . . . . Projectile . | . . . . . AOE 82 | . . 9 . 73 Terrain Rammed . | . . . . . Walls Destroyed . | . . . . . Machines Disabled . | . . . . . Actions | -11 -10 -9 -9 -8 --------- Run | Yrd Mat Mat Min Mat Total 1442 | 89 582 591 32 148 Wait 126 | 6 52 54 . 14 Move 1096 | 72 435 467 30 92 Hop . | . . . . . Pick Up 33 | 3 13 17 . . Fast Attach 16 | 5 3 7 . 1 Attach 19 | . 5 1 . 13 Detach 3 | . . 3 . . Swap 16 | . 5 5 1 5 Drop 21 | . 3 16 1 1 Fire 112 | 3 66 21 . 22 Melee . | . . . . . Ram . | . . . . . Kick . | . . . . . Crush . | . . . . . Escape Stasis . | . . . . . Rewire . | . . . . . Trap . | . . . . . Miscellaneous . | . . . . . Route ------- -11/Scrapyard -10/Materials (discovered 4 exits: *Mat x3 / [*Min]) -9/Materials (discovered 3 exits: *Mat / *Min / [*Sto]) -9/Mines -8/Materials History --------- Turn | Location | Event 2 | -11/Scrapyard | Met Revision 17 70 | -11/Scrapyard | Discovered new exit (range 8) 104 | -11/Scrapyard | Entered Materials 224 | -10/Materials | Discovered new exit (range 12) 316 | -10/Materials | Build established: Mutant 377 | -10/Materials | Discovered new exit (range 4) 464 | -10/Materials | Discovered new exit (range 5) 600 | -10/Materials | Central database locked down 721 | -10/Materials | Core integrity fell below 50% 748 | -10/Materials | Core integrity fell below 20% 784 | -10/Materials | Lost 3 parts (1p1n1w) 822 | -10/Materials | Discovered new exit (range 16) 864 | -10/Materials | Entered another Materials area 864 | -9/Materials | Evolved 2 slots: Propulsion x1, Weapon x1 1052 | -9/Materials | Discovered new exit (range 14) 1173 | -9/Materials | Build established: Tank 1198 | -9/Materials | Discovered new exit (range 16) 1407 | -9/Materials | Discovered new exit (range 16) 1449 | -9/Materials | Identified exit to Mines 1521 | -9/Materials | Learned Recycling recycling unit intel 1556 | -9/Materials | Entered Mines 1586 | -9/Mines | Discovered new exit (range 8) 1594 | -9/Mines | Entered Materials 1594 | -8/Materials | Evolved 2 slots: Utility x2 1736 | -8/Materials | Core integrity fell below 50% 1741 | -8/Materials | Released all parts (6) 1745 | -8/Materials | Core integrity fell below 20% 1770 | -8/Materials | Lost 12 parts (1p3n2u6w) 1777 | -8/Materials | Destroyed by G-47 Trooper with Particle Gun Last Messages --------------- 01736_ G-47 Trooper destroyed. 01737_ Sml. Laser destroyed. 01737_ Critical hit (Burn: +37). 01739_ Carbon-fiber Leg destroyed. 01741_ Critical hit (Burn: +37). 01741_ Released Lrg. Storage Unit. 01741_ Released Targeting Computer. 01741_ Released Lgt. Nuclear Core. 01741_ Released Carbon-fiber Leg. 01741_ Released Lrg. Storage Unit. 01741_ Released Imp. Medium Laser. 01741_ Acquired 42 matter. 01745_ Critical hit (Burn: +37). 01746_ ALERT: Suspicious intruders detected, dispatching Cutter reinforcements to area. 01747_ Overheating: Energy bleed (-14). 01756_ Acquired Hvy. Armor Plating. 01764_ Critical hit (Burn: +37). 01773_ Heat Sink melted. 01773_ Y-45 Defender destroyed. Map ----- +----------------------------------------------------+ | ?????????????????????????????????????? | | ?????????????????????????????????????? | | ?????????????????????????????????????? | | ?????????????????????????????????????? | | ?????????????????????????????????????? | | ?????????????????????????????????????? | | ?????????????????????????????????????? | | ?????????????????????????????????????? | | ?????????????????????????????????????? | | ?????????????????????????????????????? | | ?????????????????????????????????????? | | ?????????????????????????????????????? | | ?????????????????????????????????????? | | ?????????????????????????????????????? | | ?????????????????????????????????????? | | ?????????????????????????????????????? | | ?????????????????????????????????????? | | ?????????????#######?????????????????? | | ?????????????# #????????########## | | ?????????????# ########## | | ?????????????# | | ?????????????# ########## | | ?????????????# g #????????####### = | | ????????????####/###???????????#### % | | ????????????# =gg* #???????#####! | | ????????????#@[!= #?????? ##! #### | | ????????????# " " #????"""" ##! #??# | | ????????????#! "R" #?""""""" ##! #??" | | ????????????# """ # """"""" ##! #?"" | | ????????????# # """"""" ###! ##"T | | ????????????######## """"""" #?# #"" | | ???????????????????# #### "" | | ???????????????????# | | ??????????????????######## = ## | | ??????????????????# = * % | | ??????????????????# *# | | ??????????????????# | | ??????????????????# # ## | | ??????????????????# ### ### #? | | ??????????????????# # ? # | | ??????????????????# # # # "" | | ???????????####+### # """ # + "" | | ???????????# T # """?# # "" | | ???????????# + """?# # | | ???????????# # ?# # | | ???????????### # ????# #### | | ?????????????# #?????# #??? | | ?????????????# *! #?????# #??? | | ?????????????# ! #?????# ???? | | ?????????????# #??????? ????? | +----------------------------------------------------+ Best States ------------- Heat Dissipation 41 Energy Generation 14 Energy Capacity 250 Matter Stores 300 Matter Capacity 300 Sight Range 16 Terrain Scan Density 10 Armor Coverage 600 Evasion (%) 55 Targeting Accuracy 5 Item Schematics ----------------- Lrg. Storage Unit | -10/Materials | Hacked Robot Schematics ------------------ None Fabricated ------------ Nothing Repaired ---------- Nothing Studied --------- None Alien Tech Used ----------------- None Achievements -------------- None Challenges ------------ None Game ------ Seed FocalHeatHammerchucker Manual? 0 Play Time 00:26:26 Cumulative 17.0 hours Start 2026.02.12 @ 17:58:34 End 2026.02.12 @ 21:03:02 Sessions 3 Manual Loads 0 Difficulty Rogue Special Mode None Game No. 19 Rogue 19 Adventurer 0 Explorer 0 Win Type - Total 1 Types 1/0/0/0/0/0/0/0/0/0 Lore% 22 Gallery% 22 Achievement% 24 Wizard Run 0 Options --------- Layout 0 ASCII 1 Keyboard 1 Movement Numpad Keybinds 0 Fullscreen 1 Font 24/Cog Map View 76x50 Zoom Use 0% Tactical HUD 1 Map Filters NONE Filters NONE Steam 1 RUN: 7c96e0d7-7205-4f2d-8c9c-a57f02da0d81